 Dungeon Crawl Stone Soup version 0.30.1-11-g7821555f0a (webtiles) character file.

Game seed: 18227108439253789303

205 monsoonserge the Conjurer (level 5, -14/26 (32) HPs)
             Began as a Tengu Reaver on Jan 10, 2024.
             Demolished by an ogre
             ... wielding a +0 giant club
              (20 damage)
             ... on level 4 of the Dungeon.
             The game lasted 00:06:11 (2690 turns).

monsoonserge the Conjurer (Tengu Reaver)            Turns: 2690, Time: 00:06:12

HP:   -14/26 (32)   AC:  5    Str: 12    XL:     5   Next: 83%
MP:   8/9           EV: 13    Int: 16    God:
Gold: 292           SH:  0    Dex: 12    Spells: 7/8 levels left

rFire   . . .        j - +0 long sword
rCold   . . .        (no shield)
rNeg    . . .        g - +0 ring mail {rPois}
rPois   +            (helmet restricted)
rElec   .            (no cloak)
rCorr   .            (no gloves)
SInv    .            (boots unavailable)
Will    .....        (no amulet)
Stlth   +            b - ring of poison resistance
HPRegen 0.24/turn    (no ring)
MPRegen 0.11/turn

%: no passive effects
@: flying quickly and evasively, heavily drained, quick
A: beak, talons 3, nimble flight
a: no special abilities


You were on level 4 of the Dungeon.
You visited 1 branch of the dungeon, and saw 4 of its levels.

You collected 292 gold pieces.

Inventory:

Hand Weapons
 a - a +0 mace
 j - a +0 long sword (weapon)
Missiles
 k - 2 poisoned darts
Armour
 g - a +0 ring mail of poison resistance (worn)
Jewellery
 b - a ring of poison resistance (left hand)
Wands
 o - a wand of polymorph (8)
 p - a wand of charming (3)
 q - a wand of flame (25)
Scrolls
 c - a scroll of fog
 d - a scroll of magic mapping
 f - 2 scrolls of teleportation {unknown}
 h - 2 scrolls of summoning {unknown}
 n - a scroll of noise {unknown}
 s - a scroll of enchant weapon {unknown}
 t - a scroll of amnesia {unknown}
 u - a scroll of blinking
Potions
 i - 3 potions of heal wounds
 l - 5 potions of mutation {unknown}
 m - 3 potions of curing {unknown}


   Skills:
 + Level 2.8 Fighting
 - Level 3.0 Long Blades
 - Level 3.9 Maces & Flails
 * Level 2.1 Armour
 + Level 2.9 Dodging
 - Level 2.0 Spellcasting
 + Level 4.5 Conjurations
 - Level 1.0 Necromancy
 + Level 0.2 Evocations


You had 7 spell levels left.
You knew the following spells:

 Your Spells              Type           Power      Damage    Failure   Level
a - Kiss of Death         Conj/Necr      40%        2d8       14%         1

Your spell library contained the following spells:

 Spells                   Type           Power      Damage    Failure   Level
 Momentum Strike          Conj/Tloc      16%        3d8       26%         2
 Hailstorm                Conj/Ice       8%         3d4       47%         3
 Scorch                   Fire           2%         2d5       56%         2
 Vhi's Electric Charge    Tloc/Air       2%         N/A       80%         3
 Flame Wave               Conj/Fire      8%         2d5       87%         4
 Iskenderun's Battlesphe  Conj           16%        2d7       89%         5
 Arcjolt                  Conj/Air       4%         1d14      99%         5
 Iron Shot                Conj/Erth      4%         9d2       100%        6
 Plasma Beam              Fire/Air       0%         2x1d11    100%        6
 Summon Cactus Giant      Summ           0%         N/A       100%        6
 Spellforged Servitor     Conj/Summ      4%         N/A       100%        7


Dungeon Overview and Level Annotations

Branches:
Dungeon (4/15)
 Temple: D:4-7

Altars:
Ashenzari
Fedhas
Okawaru
Uskayaw
Xom
Zin


Innate Abilities, Weirdness & Mutations

You have a beak for a mouth.
You have claws for feet.
Your magical nature lets you fly swiftly and evasively.


Message History

An ogre comes into view. It is wielding a +0 giant club.
The ogre shouts!
Found 67 gold pieces.
There is an open door here.
There is an open door here.
You see here a ball python corpse.
You reach down and open the door.
You slash the endoplasm!
You kill the endoplasm!
The endoplasm freezes you.
You are frozen.
There is an open door here.
The endoplasm freezes you.
You are frozen.
You hit the endoplasm.
The endoplasm is almost dead.
The endoplasm closely misses you.
Okay, then.
You barely miss the ogre. Your peck misses the ogre.
The endoplasm hits you but does no damage.
The ogre barely misses you.
You slash the ogre! You claw the ogre. You peck the ogre.
The ogre is moderately wounded.
The endoplasm closely misses you.
The ogre hits you with a +0 giant club!!
Ouch! That really hurt!
The endoplasm freezes you.
You are frozen.
* * * LOW HITPOINT WARNING * * *
Casting: Kiss of Death (safe; 14% risk of failure)
Confirm with . or Enter, or press ? or * to list all spells.
Aiming: Kiss of Death (safe; 14% risk of failure)
Press: ? - help, Shift-Dir - straight line, f - ogre
Aim: an ogre, wielding a +0 giant club (moderately wounded, 100% to hit)
The negative energy hits the ogre!
The ogre is drained!
The ogre is severely wounded.
You feel drained. The endoplasm barely misses you.
The ogre hits you with a +0 giant club!!
Ouch! That really hurt!
You die...

###...###..##..##...##....##
.. #####
#..##.##.)...####'####.$
##.##$#..#.#..†..O...'..
#..#.#...#...########..
..#..#)#..# .. ##.....## ##
#.....# ####O##### #..@J!..#
#..#.#..# ##.$$$.## ##.#.##
#...# ##.## ###


You could see an ogre (drained) and an endoplasm.

Vanquished Creatures
  A scorpion (D:4)
  Ijyb (D:3)
  Jessica (D:3)
  A gnoll (D:2)
  3 adders (D:3)
  A worm (D:4)
  A dart slug (D:3)
  An orc (D:3)
  8 endoplasms
  A giant cockroach (D:2)
  7 hobgoblins
  9 jackals
  3 quokkas
  14 ball pythons
  3 bats
  A frilled lizard (D:2)
  6 goblins
  4 kobolds
  4 rats
70 creatures vanquished.

Vanquished Creatures (collateral kills)
  A kobold (D:4)
1 creature vanquished.

Grand Total: 71 creatures vanquished

Notes
Turn   | Place    | Note
-------+----------+-------------------------------------------
     0 | D:1      | monsoonserge the Tengu Reaver began the quest for the Orb.
     0 | D:1      | Reached XP level 1. HP: 12/12 MP: 4/4
   347 | D:1      | Reached XP level 2. HP: 17/17 MP: 6/6
   370 | D:1      | Reached skill level 1 in Necromancy
   587 | D:1      | Reached XP level 3. HP: 21/21 MP: 7/7
   913 | D:2      | Reached skill level 1 in Armour
   944 | D:2      | Reached skill level 1 in Long Blades
  1354 | D:3      | Noticed Ijyb
  1372 | D:3      | Killed Ijyb
  1373 | D:3      | Reached XP level 4. HP: 16/26 MP: 4/8
  1459 | D:3      | Found a hide-covered altar of Uskayaw.
  1553 | D:3      | Found a broken altar of Ashenzari.
  1725 | D:3      | Found a shimmering altar of Xom.
  1880 | D:3      | Noticed Jessica
  1887 | D:3      | Killed Jessica
  1888 | D:3      | Gained mutation: Your magical nature lets you fly swiftly
                  | and evasively. [Tengu growth]
  1888 | D:3      | Reached XP level 5. HP: 25/29 MP: 7/9
  2526 | D:4      | Found a glowing silver altar of Zin.
  2528 | D:4      | Found an iron altar of Okawaru.
  2530 | D:4      | Found a blossoming altar of Fedhas.
  2668 | D:4      | Noticed an ogre
  2690 | D:4      | Demolished by an ogre

Illustrated notes

Levels and vault maps discovered:
D:1:      psy_arrival_radial01, layout_basic, st_stairs_5,
          minmay_misc_feat_hallway
D:2:      layout_basic, minmay_cut_off
D:3:      layout_basic, nicolae_uskayaw_suspiria, old_standard_altar,
          amcnicky_altar_gilded, saegor_snake_ambush, uniq_ijyb, uniq_jessica
D:4:      minmay_polygon_palace, layout_rooms, nicolae_overflow_crystal_walls,
          nicolae_overflow_hidden_temple, grunt_temple_overflow_open,
          minmay_shop_grid_forest

Skill      XL: |  1  2  3  4  5 |
---------------+----------------+-----
Necromancy     | 1 |  1.0
Armour         | 1 2 |  2.1
Long Blades    | 1 2 3 |  3.0
Fighting       | |  2.8
Maces & Flails | |  3.9
Dodging        | |  2.9
Spellcasting   | |  2.0
Conjurations   | |  4.5
Evocations     | |  0.2

Action                     |  1- 3 |  4- 6 || total
---------------------------+-------+-------++-------
  Melee: Mace              |    49 |       ||    49
         Kick              |    18 |    19 ||    37
         Peck              |     6 |     6 ||    12
         Long sword        |    33 |    80 ||   113
   Cast: Kiss of Death     |     1 |     2 ||     3
  Evoke: Wand              |       |     1 ||     1
    Use: Scroll            |       |     5 ||     5
 Armour: Ring mail         |    28 |    27 ||    55
  Dodge: Dodged            |    49 |    59 ||   108
